 Dungeon Crawl Stone Soup version 0.31-a0-986-g5e6e4ef867 (webtiles) character file.

Game seed: 8222149918148330685

128 Fodor the Covered (level 4, -4/40 HPs)
             Began as a Minotaur Fighter on Nov 7, 2023.
             Slain by a black bear (6 damage)
             ... on level 3 of the Dungeon.
             The game lasted 00:10:35 (2425 turns).

Fodor the Covered (Minotaur Fighter)                Turns: 2425, Time: 00:10:35

Health: -4/40      AC:  7    Str: 22    XL:     4   Next: 87%
Magic:  3/3        EV:  9    Int:  5    God:
Gold:   143        SH:  5    Dex: 16    Spells: 3/3 levels left

rFire   . . .        a - +0 war axe
rCold   . . .        c - +0 buckler
rNeg    . . .        b - +0 scale mail
rPois   .            (helmet restricted)
rElec   .            (no cloak)
rCorr   .            (no gloves)
SInv    .            (no boots)
Will    .....        (no amulet) Stlth
                     l - +6 ring of dexterity
HPRegen 0.26/turn    (no ring)
MPRegen 0.08/turn

%: no passive effects
@: no status effects
A: horns 2, retaliatory headbutt
a: no special abilities


You were on level 3 of the Dungeon.
You visited 1 branch of the dungeon, and saw 3 of its levels.

You collected 143 gold pieces.

Inventory:

Hand Weapons
 a - a +0 war axe (weapon)
Missiles
 g - 4 poisoned darts
Armour
 b - a +0 scale mail (worn)
 c - a +0 buckler (worn)
Jewellery
 l - a +6 ring of dexterity (left hand)
Scrolls
 f - a scroll of amnesia {unknown}
 h - a scroll of revelation {unknown}
 j - a scroll of enchant weapon {unknown}
 k - a scroll of silence {unknown}
 m - a scroll of enchant armour {unknown}
Potions
 d - 2 potions of might
 e - a potion of heal wounds {unknown}
 i - a potion of berserk rage {unknown}


   Skills:
 + Level 4.1 Fighting
 + Level 4.2 Axes
 + Level 4.5 Armour
 + Level 0.2 Dodging
 + Level 0.3 Stealth
 + Level 4.4 Shields


You had 3 spell levels left.
You didn't know any spells.
Your spell library was empty.

Dungeon Overview and Level Annotations

Branches:
Dungeon (3/15)

Altars:

Shops:
D:3 [


Innate Abilities, Weirdness & Mutations

You have a pair of horns on your head.
You reflexively headbutt those who attack you in melee.


Message History

There is an open door here.
You barely miss the rat. The rat barely misses you. The rat closely misses you.
You barely miss the rat. Your headbutt misses the rat.
The rat barely misses you.
You slash the rat!
You kill the rat!
There is a stone staircase leading down here.
A black bear comes into view.
The black bear growls angrily.
There is an entrance to Facluxe's Armour Emporium here.
You open the door.
There is an open door here.
There is an open door here.
There is an entrance to Facluxe's Armour Emporium here.
There is a stone staircase leading down here.
There is an open door here.
A frilled lizard comes into view.
You hit the black bear.
The black bear is lightly wounded.
The black bear bites you. You block the black bear's attack. x2
You slash the black bear! You headbutt the black bear!
The black bear is almost dead.
The black bear goes berserk!
The black bear bites you! The black bear claws you.
You block the black bear's attack.
You barely miss the black bear.
The black bear is almost dead.
The black bear barely misses you.
The black bear claws you but does no damage.
The black bear closely misses you. You block the black bear's attack.
The black bear claws you but does no damage.
The black bear claws you.
You completely miss the black bear.
The black bear is almost dead.
The black bear completely misses you. The black bear closely misses you.
The black bear claws you.
* * * LOW HITPOINT WARNING * * *
The black bear bites you!
* * * LOW HITPOINT WARNING * * *
The black bear claws you.
You die...

. #'##.#...#### #.#
#.##......#
##.###.#######.# ##
#....#∩### ###.#
.##..#.#.#.###.#.#
#
.#..#.#.#.##....###
..l...#>#.........+
.#h####.####....###
#@# #.# ##.#.# #
#.####'#######.#
#......##......#
#######......###
#>#.##.# #.#<##.#
#.#.##.#####
#.#........#
#.####.###.#


You could see a black bear (berserk) and a frilled lizard.

Vanquished Creatures
  A scorpion (D:3)
  An adder (D:3)
  A worm (D:2)
  2 dart slugs (D:1)
  10 endoplasms
  3 giant cockroaches
  5 goblins
  A hobgoblin (D:1)
  12 jackals
  2 ball pythons
  3 bats (D:2)
  2 frilled lizards (D:1)
  2 kobolds (D:2)
  6 rats
51 creatures vanquished.

Notes
Turn   | Place    | Note
-------+----------+-------------------------------------------
     0 | D:1      | Fodor the Minotaur Fighter began the quest for the Orb.
     0 | D:1      | Reached XP level 1. HP: 19/19 MP: 0/0
   161 | D:1      | Reached XP level 2. HP: 22/27 MP: 1/1
   816 | D:1      | Reached XP level 3. HP: 33/33 MP: 2/2
  2052 | D:3      | Found Munweo's Armour Emporium.
  2189 | D:3      | Noticed a scorpion
  2193 | D:3      | Killed a scorpion
  2194 | D:3      | Reached XP level 4. HP: 28/40 MP: 3/3
  2356 | D:3      | Found Facluxe's Armour Emporium.
  2364 | D:3      | Noticed a black bear
  2425 | D:3      | HP: 2/40 [black bear (10)]
  2425 | D:3      | Slain by a black bear

Illustrated notes

Levels and vault maps discovered:
D:1:      noname_arrival_rooms_in_the_neighbourhood, layout_loops_ring
D:2:      layout_basic, grunt_ministairs_4
D:3:      layout_loops_corners, slow_altar_2, serial_shops,
          nicolae_shop_peninsula, shop, nicolae_shop_hallway_stairs,
          nicolae_shop_waterfront

Skill      XL: |  1  2  3 |
---------------+----------+-----
Armour         | 4 |  4.5
Shields        | 4 |  4.4
Axes           | 4 |  4.2
Fighting       | 4 |  4.1
Dodging        | |  0.2
Stealth        | |  0.3

Action                     |  1- 3 |  4- 6 || total
---------------------------+-------+-------++-------
  Melee: War axe           |    88 |    13 ||   101
         Headbutt          |    16 |     3 ||    19
 Armour: Scale mail        |    57 |    13 ||    70
  Dodge: Dodged            |    40 |    10 ||    50
  Block: Buckler           |    29 |     4 ||    33

Table legend: (Time is in decaauts)
 A = Elapsed time spent in this place.
 B = Non-inter-level travel time spent in this place.
 C = Inter-level travel time spent in this place.
 D = Time resting spent in this place.
 E = Time spent auto-exploring this place.
 F = Levels seen in this place.
 G = Mean time per level.
                   A        B        C        D        E       F      G
               +--------+--------+--------+--------+--------+-----+--------+
         Total |   2461 |   2442 |     19 |    183 |      0 |   3 |  820.3 |
       Dungeon |   2461 |   2442 |     19 |    183 |      0 |   3 |  820.3 |
               +--------+--------+--------+--------+--------+-----+--------+

Top non-repeatable levels by time:
     D:2: 969 daAuts
     D:1: 960 daAuts
     D:3: 531 daAuts
